 Dungeon Crawl Stone Soup version 0.32-a0-136-gc02482bde3 (webtiles) character file.

Game seed: 14623747692351747569

39064 cforsyth the Warrior (level 14, -3/119 HPs)
             Began as a Djinni Hexslinger on Feb 11, 2024.
             Slain by a skeletal warrior
             ... wielding a +1 halberd of flaming
              (11 damage)
             ... in a volcano.
             The game lasted 00:53:11 (22448 turns).

cforsyth the Warrior (Djinni Hexslinger)           Turns: 22448, Time: 00:53:12

Health: -3/119     AC: 15    Str: 10    XL:     14   Next: 37%
Gold:   1755       EV:  9    Int: 22    God:
                   SH:  0    Dex: 16

rFire   + + +        a - +4 rapier (antimagic)
rCold   + + .        (no shield)
rNeg    + . .        M - +5 scale mail "Qippacha" {rC+ Int+2}
rPois   ∞            u - +0 helmet
rElec   .            L - scarf of the Pit {rC+ rF+, rPois rN+ Str+3}
rCorr   .            g - +2 pair of gloves
SInv    .            (boots unavailable)
Will    ++...        Q - amulet "Fual" {Acrobat Will+} Stlth
                     C - ring of ice
HPRegen 0.39/turn    F - ring of protection from fire
MPRegen 0.00/turn

%: acrobat, infuse magic (-4 HP)
@: flying, inugami summoned
A: sickness immunity, fire resistance 2, cold vulnerability 1, float, innate
caster, HP casting, extra vitality 1
a: no special abilities


You were in a volcano.
You visited 2 branches of the dungeon, and saw 15 of its levels.
You also visited: Sewer, Ossuary, Bailey and Volcano.

You collected 2621 gold pieces.
You spent 866 gold pieces at shops.


Innate Abilities, Weirdness & Mutations

You are immune to sickness and miasma.
You are immune to poison.
Your flesh is very heat resistant. (rF++)
You are vulnerable to cold. (rC-)
You float through the air rather than walking.
You learn spells naturally, not from books.
Your magical power is your life essence.
You have superior vitality. (+4 MHP)


   Skills:
 + Level 17.1 Fighting
 - Level 1.5 Ranged Weapons
 - Level 2.1 Dodging
 + Level 13.3 Spellcasting
 + Level 13.3 Conjurations
 + Level 13.3 Hexes
 + Level 13.3 Summonings
 + Level 13.3 Necromancy
 + Level 13.3 Translocations
 + Level 13.3 Fire Magic
 + Level 13.3 Ice Magic
 + Level 13.3 Air Magic
 + Level 13.3 Earth Magic
 + Level 13.3 Alchemy


You knew the following spells:

 Your Spells              Type           Power      Damage    Failure   Level
a - Scorch                Fire           100%       2d9       1%          2
c - Cause Fear            Hex            32%        N/A       1%          4
f - Inner Flame           Hex/Fire       65%        N/A       1%          3
i - Alistair's Intoxicat  Alch           43%        N/A       3%          5
l - Call Canine Familiar  Summ           65%        N/A       1%          3
m - Magic Dart            Conj           100%       1d8       1%          1
t - Teleport Other        Tloc           65%        N/A       1%          3
v - Summon Mana Viper     Hex/Summ       65%        N/A       3%          5
X - Jinxbite              Hex            100%       N/A       1%          2
Y - Sigil of Binding      Hex            65%        N/A       1%          3
Z - Dimensional Bullseye  Hex/Tloc       32%        N/A       1%          4
Your spell library was empty.

Inventory:

Hand Weapons
 a - a +4 antimagic rapier (weapon)
Armour
 g - a +2 pair of gloves (worn)
 u - a +0 helmet (worn)
 x - a +3 leather armour of fire resistance
 J - a +0 cloak
 L - the scarf of the Pit (worn) {rC+ rF+, rPois rN+ Str+3}
   (You acquired it on level 9 of the Dungeon)

   Str+3:     It affects your strength (+3).
   rPois:     It protects you from poison rN+: It protects you from negative
   energy.
 M - the +5 scale mail "Qippacha" (worn) {rC+ Int+2}
   (You found it on level 10 of the Dungeon)

   Int+2:     It affects your intelligence (+2).
   rC+:       It protects you from cold.
Magical Staves
 A - a staff of alchemy {!a}
Jewellery
 v - a ring of see invisible
 C - a ring of ice (left hand)
 E - a +5 ring of evasion
 F - a ring of protection from fire (right hand)
 Q - the amulet "Fual" (around neck) {Acrobat Will+}
   (You took it off a hobgoblin on level 4 of the Dungeon)

   [amulet of the acrobat]

   Acrobat:   It increases your evasion while moving and waiting.
   Will+:     It increases your willpower.
Wands
 c - a wand of polymorph (15)
 e - a wand of mindburst (10)
 k - a wand of charming (13)
 o - a wand of flame (55)
 y - a wand of roots (17)
Scrolls
 d - a scroll of enchant armour
 f - 3 scrolls of poison
 p - 7 scrolls of teleportation {@r2}
 q - a scroll of fog
 s - 3 scrolls of fear
 t - a scroll of silence {!r}
 w - 2 scrolls of enchant weapon
 z - 4 scrolls of immolation
 G - 4 scrolls of butterflies
 N - 6 scrolls of identify {@r1}
 P - 2 scrolls of blinking
Potions
 b - 6 potions of curing {@q1}
 h - 2 potions of attraction
 i - 3 potions of resistance
 j - 7 potions of haste {@q3}
 l - 7 potions of heal wounds {@q2}
 m - 4 potions of might
 n - 3 potions of brilliance
 r - a potion of berserk rage {!q}
 B - 2 potions of ambrosia
 D - a potion of lignification
 I - 3 potions of enlightenment
 K - 3 potions of invisibility
 O - a potion of cancellation

Dungeon Overview and Level Annotations

Branches:
Dungeon (12/15)            Temple (0/1) D:6            Lair (3/5) D:10
  Swamp (0/4) Lair:2       Spider (0/4) Lair:3          Orc (0/2) D:11
  Sewer (visited)         Ossuary (visited)          Bailey (visited)
Volcano (1/1)

Altars:
Dithmenos
Elyvilon
Fedhas
Gozag
Makhleb
Qazlal
Trog
Uskayaw
Wu Jian
Xom
The Shining One

Shops:
D:4 !   D:6 ?:   D:11 !

Annotations:
D:9 1 runed translucent door, Biggs's ghost, novice TrGl
D:12 2 transporters, exclusion: ice statue, Qigaf's ghost, journeyman DsAl

# ## ▒▒▒ ≈## ▒≈▒ ≈§## ▒▒'▒▒▒▒▒+▒▒
≈≈≈### ▒▒▒.........▒ ≈≈≈§§##
+.@h§≈≈≈§≈≈.' ≈≈≈≈≈≈##
▓.▒.z°..z..§▒ ≈≈≈§≈≈≈##
▓▒▒▒'▒▒▒▒▒'▒▒ ≈≈≈≈§≈§§###
▒.▒..⌠..▒
≈≈≈§§≈.§..▒▒▒▒▒▒▒▒▒▒.....▒
≈≈§≈§....≈+...ß....'.....▒▒▒ ##
§§≈§≈≈≈...+...)....)..∩..'.▒ ##.
≈§§≈§§...≈+...ß....')....▒▒▒ ##.#
§§§§....#.▒▒▒▒▒▒▒▒▒▒.....'.###.#≈


You could see 2 skeletal warriors and a friendly inugami (summoned).


Message History

Flame seeps out of the skeletal warrior.
Your inugami closely misses the skeletal warrior.
Casting: Scorch (safe; 1% risk of failure)
Confirm with . or Enter, or press ? or * to list all spells.
Flames lash the skeletal warrior but do no damage.
* * * LOW HITPOINT WARNING * * *
The skeletal warrior hits you from afar with a +1 halberd of flaming!
* * * LOW HITPOINT WARNING * * *
A skeletal warrior comes into view. It is wielding a +1 halberd of flaming.
Your inugami hits the skeletal warrior!
Flame seeps out of the skeletal warrior.
Unknown command.
Casting: Scorch (safe; 1% risk of failure)
Confirm with . or Enter, or press ? or * to list all spells.
Flames lash the skeletal warrior but do no damage.
* * * LOW HITPOINT WARNING * * *
In the distance, the volcano erupts with a roar.
The skeletal warrior closely misses you.
Your inugami hits the skeletal warrior but does no damage.
Casting: Scorch (safe; 1% risk of failure)
Confirm with . or Enter, or press ? or * to list all spells.
Flames lash the skeletal warrior.
Flame seeps out of the skeletal warrior.
The skeletal warrior is severely damaged.
The skeletal warrior's fire resistance burns away.
* * * LOW HITPOINT WARNING * * *
The skeletal warrior is engulfed in blazing flames.
Flame seeps out of the skeletal warrior.
The skeletal warrior hits you from afar with a +1 halberd of flaming!
You die...

Skill      XL: |  1  2  3  4  5  6  7  8  9 10 11 12 13 14 |
---------------+-------------------------------------------+-----
Spellcasting   | 3 4 5 6 7 9 10 11 12 13 | 13.3
Conjurations   | 3 4 5 6 7 9 10 11 12 13 | 13.3
Hexes          | 3 4 5 6 7 9 10 11 12 13 | 13.3
Summonings     | 3 4 5 6 7 9 10 11 12 13 | 13.3
Necromancy     | 3 4 5 6 7 9 10 11 12 13 | 13.3
Translocations | 3 4 5 6 7 9 10 11 12 13 | 13.3
Fire Magic     | 3 4 5 6 7 9 10 11 12 13 | 13.3
Ice Magic      | 3 4 5 6 7 9 10 11 12 13 | 13.3
Air Magic      | 3 4 5 6 7 9 10 11 12 13 | 13.3
Earth Magic    | 3 4 5 6 7 9 10 11 12 13 | 13.3
Alchemy        | 3 4 5 6 7 9 10 11 12 13 | 13.3
Fighting       | 2 3 4 6 7 9 11 13 14 16 17 | 17.1
Ranged Weapons | |  1.5
Dodging        | |  2.1

Action                     |  1- 3 |  4- 6 |  7- 9 | 10-12 | 13-15 || total
---------------------------+-------+-------+-------+-------+-------++-------
  Melee: Rapier            |       |       |       |     1 |     9 ||    10
         Punch             |       |       |       |     1 |     4 ||     5
   Fire: Sling             |    55 |     2 |     2 |       |       ||    59
   Cast: Magic Dart        |    35 |   141 |   208 |   289 |   168 ||   841
         Inner Flame       |       |     5 |    66 |   123 |    98 ||   292
         Scorch            |       |    25 |    35 |    36 |    52 ||   148
         Call Canine Famil |       |       |       |     7 |     3 ||    10
         Cause Fear        |       |       |       |     1 |     2 ||     3
         Summon Mana Viper |       |       |       |    28 |    26 ||    54
 Invoke: Renounce Religion |       |       |       |     1 |       ||     1
  Evoke: Wand              |       |       |     1 |       |     3 ||     4
    Use: Scroll            |     1 |     5 |    12 |    10 |     1 ||    29
         Potion            |       |       |       |       |     3 ||     3
 Armour: Robe              |    27 |    34 |    72 |       |       ||   133
         Leather armour    |       |       |    16 |    69 |       ||    85
         Scale mail        |       |       |       |    88 |   146 ||   234
  Dodge: Dodged            |    22 |    37 |    75 |    77 |    54 ||   265

Levels and vault maps discovered:
D:1:      dpeg_arrival_water_temple_mockup, layout_basic
D:2:      layout_basic
D:3:      layout_basic, basic_ecumenical_altar, cheibrodos_sewer_entry_bend,
          hangedman_decor_opposing, minmay_cupped, uniq_natasha
D:4:      minmay_octagon_keep, layout_rooms, mainiacjoe_overflow_cross_hatched,
          nicolae_elyvilon_peaceful_grove, enter_ossuary_2, serial_shops, shop
D:5:      layout_layer_cave, hellmonk_overflow_destroyed_library,
          nicolae_gozag_cash_rules_everything_around_me,
          gammafunk_temple_overflow_statue, ebering_ghost_sewer_d, uniq_sigmund
D:6:      layout_rooms, minmay_temple_entry_tees, serial_corexii_hall,
          chequers_hall_statues_y, corexii_hall_statues_deadend, serial_shops,
          nicolae_shop_tiny_glass, nicolae_shop_crystal,
          uniq_crazy_yiuf_cottage, uniq_duvessa, uniq_grinder
D:7:      layout_loops_ring, mainiacjoe_overflow_boulevard
D:8:      layout_rooms, mainiacjoe_overflow_catwalk, enter_bailey_3
D:9:      layout_cave_pools, kennysheep_mini, ebering_ghost_xom
D:10:     minmay_curly_fans, layout_basic, overflow_temple_1_default,
          lair_entry_dummy, uniq_lodul, uniq_erolcha
D:11:     layout_basic, serial_shops, shop, fedhas_altar_3, uniq_erica
D:12:     layout_irregular_city, nzn_ghost_randoct
Lair:1:   layout_loops_ring, minivault_25, st_stairs_8
Lair:2:   layout_gridlike, mainiacjoe_swamp_entry_lozenge_pond,
          chequers_serial_rivers_small_b, beast_lair_carwin_3,
          grunt_megastairs_3, lemuel_fruit_fields
Lair:3:   lemuel_reptile_caves, layout_chaotic_city, spider_nest_entry_a,
          nicolae_volcano_entry_hallway, chequers_serial_rivers_micro_d,
          small_statue_intersection, grunt_forest_stairs_basic,
          serial_bayou_lagoon_a, lemuel_fruit_tree, serial_bayou_shore_b,
          uniq_kirke
Volcano:  volcano_tomb [vts_original]

Notes
Turn   | Place    | Note
-------+----------+-------------------------------------------
     0 | D:1      | cforsyth the Djinni Hexslinger began the quest for the Orb.
     0 | D:1      | cforsyth set off with the following spells memorised:
                  | Jinxbite, Sigil of Binding, Inner Flame, Cause Fear,
                  | Dimensional Bullseye.
     0 | D:1      | Reached XP level 1. HP: 17/17 MP: 0/0
   235 | D:1      | Reached XP level 2. HP: 22/22 MP: 0/0
   367 | D:1      | HP: 2/22 [jackal (1)]
   519 | D:1      | Reached skill level 3 in Spellcasting
   519 | D:1      | Reached skill level 3 in Conjurations
   519 | D:1      | Reached skill level 3 in Hexes
   519 | D:1      | Reached skill level 3 in Summonings
   519 | D:1      | Reached skill level 3 in Necromancy
   519 | D:1      | Reached skill level 3 in Translocations
   519 | D:1      | Reached skill level 3 in Fire Magic
   519 | D:1      | Reached skill level 3 in Ice Magic
   519 | D:1      | Reached skill level 3 in Air Magic
   519 | D:1      | Reached skill level 3 in Earth Magic
   519 | D:1      | Reached skill level 3 in Alchemy
   569 | D:1      | Reached skill level 2 in Fighting
   569 | D:1      | Reached XP level 3. HP: 22/28 MP: 0/0
   569 | D:1      | Learned a level 1 spell: Magic Dart
  1542 | D:2      | Reached XP level 4. HP: 31/34 MP: 0/0
  2069 | D:2      | Reached skill level 3 in Fighting
  2287 | D:2      | Reached XP level 5. HP: 38/40 MP: 0/0
  2287 | D:2      | Learned a level 2 spell: Scorch
  2530 | D:3      | Noticed Natasha
  2538 | D:3      | Killed Natasha
  2554 | D:3      | Found a faded altar of an unknown god.
  2655 | D:3      | Reached skill level 4 in Fighting
  2655 | D:3      | Reached skill level 4 in Spellcasting
  2655 | D:3      | Reached skill level 4 in Conjurations
  2655 | D:3      | Reached skill level 4 in Hexes
  2655 | D:3      | Reached skill level 4 in Summonings
  2655 | D:3      | Reached skill level 4 in Necromancy
  2655 | D:3      | Reached skill level 4 in Translocations
  2655 | D:3      | Reached skill level 4 in Fire Magic
  2655 | D:3      | Reached skill level 4 in Ice Magic
  2655 | D:3      | Reached skill level 4 in Air Magic
  2655 | D:3      | Reached skill level 4 in Earth Magic
  2655 | D:3      | Reached skill level 4 in Alchemy
  2655 | D:3      | Reached XP level 6. HP: 17/47 MP: 0/0
  2769 | D:3      | Found a glowing drain.
  2810 | Sewer    | Entered a sewer
  3373 | Sewer    | Reached XP level 7. HP: 31/53 MP: 0/0
  3373 | Sewer    | Learned a level 3 spell: Teleport Other
  3971 | D:3      | Noticed Natasha
  3979 | D:3      | Killed Natasha
  3980 | D:3      | Reached skill level 5 in Fighting
  4144 | D:3      | Found a faded altar of an unknown god.
  4251 | D:3      | Noticed Natasha
  4272 | D:3      | Killed Natasha
  4770 | D:4      | Found Numul's Distillery.
  4778 | D:4      | Bought a potion of curing for 42 gold pieces
  4801 | D:4      | Found a glowing golden altar of the Shining One.
  4809 | D:4      | Became a worshipper of the Shining One
  4839 | D:4      | Found a sand-covered staircase.
  4851 | Ossuary  | Entered an ossuary
  5095 | Ossuary  | Reached * piety under the Shining One
  5196 | Ossuary  | Reached skill level 5 in Spellcasting
  5196 | Ossuary  | Reached skill level 5 in Conjurations
  5196 | Ossuary  | Reached skill level 5 in Hexes
  5196 | Ossuary  | Reached skill level 5 in Summonings
  5196 | Ossuary  | Reached skill level 5 in Necromancy
  5196 | Ossuary  | Reached skill level 5 in Translocations
  5196 | Ossuary  | Reached skill level 5 in Fire Magic
  5196 | Ossuary  | Reached skill level 5 in Ice Magic
  5196 | Ossuary  | Reached skill level 5 in Air Magic
  5196 | Ossuary  | Reached skill level 5 in Earth Magic
  5196 | Ossuary  | Reached skill level 5 in Alchemy
  5297 | Ossuary  | Reached ** piety under the Shining One
  5378 | Ossuary  | Reached skill level 6 in Fighting
  5378 | Ossuary  | Reached XP level 8. HP: 40/61 MP: 0/0
  5604 | Ossuary  | Noticed a silent spectre
  5646 | D:4      | Identified 2 potions of resistance
  5709 | D:4      | Found a white marble altar of Elyvilon.
  6158 | D:4      | Identified the amulet "Fual" {Acrobat Will+}
  6277 | D:5      | Entered Level 5 of the Dungeon
  6288 | D:5      | Found a runed translucent door.
  6296 | D:5      | Noticed Sigmund
  6297 | D:5      | Reached skill level 7 in Fighting
  6299 | D:5      | Killed Sigmund
  6300 | D:5      | Reached skill level 6 in Spellcasting
  6300 | D:5      | Reached skill level 6 in Conjurations
  6300 | D:5      | Reached skill level 6 in Hexes
  6300 | D:5      | Reached skill level 6 in Summonings
  6300 | D:5      | Reached skill level 6 in Necromancy
  6300 | D:5      | Reached skill level 6 in Translocations
  6300 | D:5      | Reached skill level 6 in Fire Magic
  6300 | D:5      | Reached skill level 6 in Ice Magic
  6300 | D:5      | Reached skill level 6 in Air Magic
  6300 | D:5      | Reached skill level 6 in Earth Magic
  6300 | D:5      | Reached skill level 6 in Alchemy
  6547 | D:5      | Reached XP level 9. HP: 50/68 MP: 0/0
  6547 | D:5      | Learned a level 3 spell: Call Canine Familiar
  6726 | D:5      | Found a bloodstained altar of Trog.
  6819 | D:5      | Identified the +0 scale mail of the Forsaken Spines {-Tele
                  | Rampage rC+ Dex+4}
  6844 | D:5      | Noticed SirDiesAlot's ghost (novice OpFE)
  6988 | D:5      | Found an opulent altar of Gozag.
  7138 | D:5      | Reached skill level 8 in Fighting
  7194 | D:5      | Found an ornate altar of the Wu Jian Council.
  7194 | D:5      | Found a stormy altar of Qazlal.
  7591 | D:6      | Noticed Grinder
  7591 | D:6      | Found Bez Ycuymess's Book Emporium.
  7613 | D:6      | Noticed Duvessa
  7613 | D:6      | Noticed Dowan
  7851 | D:6      | Killed Grinder
  7907 | D:6      | Killed Duvessa
  7907 | D:6      | Killed Dowan
  7908 | D:6      | Reached skill level 7 in Spellcasting
  7908 | D:6      | Reached skill level 7 in Conjurations
  7908 | D:6      | Reached skill level 7 in Hexes
  7908 | D:6      | Reached skill level 7 in Summonings
  7908 | D:6      | Reached skill level 7 in Necromancy
  7908 | D:6      | Reached skill level 7 in Translocations
  7908 | D:6      | Reached skill level 7 in Fire Magic
  7908 | D:6      | Reached skill level 7 in Ice Magic
  7908 | D:6      | Reached skill level 7 in Air Magic
  7908 | D:6      | Reached skill level 7 in Earth Magic
  7908 | D:6      | Reached skill level 7 in Alchemy
  7914 | D:6      | Reached *** piety under the Shining One
  8172 | D:6      | Found Kuireg's Magic Scroll Boutique.
  8205 | D:6      | Reached skill level 9 in Fighting
  8364 | D:6      | Found a staircase to the Ecumenical Temple.
  8411 | D:6      | Bought a scroll of identify for 24 gold pieces
  8411 | D:6      | Bought a scroll of identify for 24 gold pieces
  8411 | D:6      | Bought a scroll of blinking for 90 gold pieces
  8411 | D:6      | Bought a scroll of identify for 24 gold pieces
  8411 | D:6      | Bought a scroll of teleportation for 36 gold pieces
  8411 | D:6      | Bought a scroll of identify for 24 gold pieces
  8683 | D:6      | Found a runed translucent door.
  8684 | D:6      | Noticed Crazy Yiuf
  9091 | D:7      | Reached XP level 10. HP: 62/78 MP: 0/0
  9792 | D:8      | Reached skill level 10 in Fighting
  9903 | D:8      | Found a flagged portal.
 10024 | Bailey   | Entered a bailey
 10135 | Bailey   | Reached skill level 8 in Spellcasting
 10135 | Bailey   | Reached skill level 8 in Conjurations
 10135 | Bailey   | Reached skill level 8 in Hexes
 10135 | Bailey   | Reached skill level 8 in Summonings
 10135 | Bailey   | Reached skill level 8 in Necromancy
 10135 | Bailey   | Reached skill level 8 in Translocations
 10135 | Bailey   | Reached skill level 8 in Fire Magic
 10135 | Bailey   | Reached skill level 8 in Ice Magic
 10135 | Bailey   | Reached skill level 8 in Air Magic
 10135 | Bailey   | Reached skill level 8 in Earth Magic
 10135 | Bailey   | Reached skill level 8 in Alchemy
 10688 | Bailey   | Noticed an orc warlord
 10694 | Bailey   | Was placed under penance by the Shining One
 10697 | Bailey   | Killed an orc warlord
 10698 | Bailey   | Reached skill level 11 in Fighting
 11075 | Bailey   | Reached skill level 9 in Spellcasting
 11075 | Bailey   | Reached skill level 9 in Conjurations
 11075 | Bailey   | Reached skill level 9 in Hexes
 11075 | Bailey   | Reached skill level 9 in Summonings
 11075 | Bailey   | Reached skill level 9 in Necromancy
 11075 | Bailey   | Reached skill level 9 in Translocations
 11075 | Bailey   | Reached skill level 9 in Fire Magic
 11075 | Bailey   | Reached skill level 9 in Ice Magic
 11075 | Bailey   | Reached skill level 9 in Air Magic
 11075 | Bailey   | Reached skill level 9 in Earth Magic
 11075 | Bailey   | Reached skill level 9 in Alchemy
 11075 | Bailey   | Reached XP level 11. HP: 81/87 MP: 0/0
 11075 | Bailey   | Learned a level 5 spell: Summon Mana Viper
 11150 | D:8      | Acquired 1056 gold pieces
 11251 | D:4      | Bought a potion of haste for 140 gold pieces
 11251 | D:4      | Bought a potion of enlightenment for 70 gold pieces
 11278 | D:5      | Killed SirDiesAlot's ghost
 11462 | D:6      | Killed Crazy Yiuf
 11768 | D:8      | Found a hide-covered altar of Uskayaw.
 11961 | D:9      | Noticed a two-headed ogre
 11968 | D:9      | Killed a two-headed ogre
 11969 | D:9      | Reached skill level 12 in Fighting
 12554 | D:9      | Noticed a two-headed ogre
 12562 | D:9      | Killed a two-headed ogre
 12725 | D:9      | Acquired the scarf of the Pit {rC+ rF+, rPois rN+ Str+3}
 12897 | D:9      | Found a runed translucent door.
 12897 | D:9      | Found a shimmering altar of Xom.
 12897 | D:9      | Noticed Biggs's ghost (novice TrGl)
 12898 | D:9      | Noticed a +2 hand axe of chaos
 13000 | D:9      | Found a shadowy altar of Dithmenos.
 13207 | D:10     | Entered Level 10 of the Dungeon
 13214 | D:10     | Noticed a deep elf pyromancer
 13221 | D:10     | Killed a deep elf pyromancer
 13231 | D:10     | Noticed a deep elf pyromancer
 13234 | D:10     | Killed a deep elf pyromancer
 13235 | D:10     | Reached skill level 10 in Spellcasting
 13235 | D:10     | Reached skill level 10 in Conjurations
 13235 | D:10     | Reached skill level 10 in Hexes
 13235 | D:10     | Reached skill level 10 in Summonings
 13235 | D:10     | Reached skill level 10 in Necromancy
 13235 | D:10     | Reached skill level 10 in Translocations
 13235 | D:10     | Reached skill level 10 in Fire Magic
 13235 | D:10     | Reached skill level 10 in Ice Magic
 13235 | D:10     | Reached skill level 10 in Air Magic
 13235 | D:10     | Reached skill level 10 in Earth Magic
 13235 | D:10     | Reached skill level 10 in Alchemy
 13247 | D:10     | Noticed a manticore
 13253 | D:10     | Killed a manticore
 13418 | D:10     | Identified the +5 scale mail "Qippacha" {rC+ Int+2}
 13495 | D:10     | Noticed Erolcha
 13513 | D:10     | Killed Erolcha
 13514 | D:10     | Reached skill level 13 in Fighting
 13514 | D:10     | Fell from the grace of the Shining One
 13603 | D:10     | Noticed Lodul
 13628 | D:10     | Killed Lodul
 13629 | D:10     | Reached XP level 12. HP: 50/98 MP: 0/0
 14471 | D:10     | Found a burning altar of Makhleb.
 14515 | D:10     | Found a staircase to the Lair.
 14556 | D:10     | Noticed a two-headed ogre
 14563 | D:10     | Killed a two-headed ogre
 15208 | D:11     | Noticed a boulder beetle
 15405 | D:11     | Killed a boulder beetle
 15452 | D:11     | Reached skill level 11 in Spellcasting
 15452 | D:11     | Reached skill level 11 in Conjurations
 15452 | D:11     | Reached skill level 11 in Hexes
 15452 | D:11     | Reached skill level 11 in Summonings
 15452 | D:11     | Reached skill level 11 in Necromancy
 15452 | D:11     | Reached skill level 11 in Translocations
 15452 | D:11     | Reached skill level 11 in Fire Magic
 15452 | D:11     | Reached skill level 11 in Ice Magic
 15452 | D:11     | Reached skill level 11 in Air Magic
 15452 | D:11     | Reached skill level 11 in Earth Magic
 15452 | D:11     | Reached skill level 11 in Alchemy
 15541 | D:11     | Reached skill level 14 in Fighting
 15925 | D:11     | Found a staircase to the Orcish Mines.
 16025 | D:11     | Found Onwerph's Distillery.
 16031 | D:11     | Bought a potion of cancellation for 112 gold pieces
 16031 | D:11     | Bought a potion of heal wounds for 70 gold pieces
 16031 | D:11     | Bought a potion of heal wounds for 70 gold pieces
 16031 | D:11     | Bought a potion of haste for 140 gold pieces
 16040 | D:11     | Noticed a boulder beetle
 16054 | D:11     | Killed a boulder beetle
 16213 | D:11     | Found a blossoming altar of Fedhas.
 16242 | D:11     | Noticed Erica
 16248 | D:11     | Killed Erica
 16614 | D:12     | Noticed a two-headed ogre
 16624 | D:12     | Killed a two-headed ogre
 16874 | D:12     | Noticed a boulder beetle
 16885 | D:12     | Killed a boulder beetle
 17136 | D:12     | Noticed a two-headed ogre
 17161 | D:12     | Noticed a boulder beetle
 17170 | D:12     | Noticed Qigaf's ghost (journeyman DsAl)
 17188 | D:12     | Noticed a boulder beetle
 17196 | D:12     | Reached XP level 13. HP: 101/106 MP: 0/0
 17196 | D:12     | Learned a level 5 spell: Alistair's Intoxication
 17326 | D:12     | Found a transporter.
 17327 | D:12     | Found a transporter.
 17689 | Lair:1   | Entered Level 1 of the Lair of Beasts
 17991 | Lair:1   | Reached skill level 15 in Fighting
 18292 | Lair:1   | Noticed a catoblepas
 18309 | Lair:1   | Killed a catoblepas
 18310 | Lair:1   | Reached skill level 12 in Spellcasting
 18310 | Lair:1   | Reached skill level 12 in Conjurations
 18310 | Lair:1   | Reached skill level 12 in Hexes
 18310 | Lair:1   | Reached skill level 12 in Summonings
 18310 | Lair:1   | Reached skill level 12 in Necromancy
 18310 | Lair:1   | Reached skill level 12 in Translocations
 18310 | Lair:1   | Reached skill level 12 in Fire Magic
 18310 | Lair:1   | Reached skill level 12 in Ice Magic
 18310 | Lair:1   | Reached skill level 12 in Air Magic
 18310 | Lair:1   | Reached skill level 12 in Earth Magic
 18310 | Lair:1   | Reached skill level 12 in Alchemy
 19777 | Lair:2   | Reached skill level 16 in Fighting
 20121 | Lair:2   | Noticed an alligator
 20126 | Lair:2   | Killed an alligator
 20542 | Lair:2   | Reached XP level 14. HP: 78/117 MP: 0/0
 20761 | Lair:2   | Found a staircase to the Swamp.
 21444 | Lair:3   | Found a hole to the Spider Nest.
 21491 | Lair:3   | Reached skill level 13 in Spellcasting
 21491 | Lair:3   | Reached skill level 13 in Conjurations
 21491 | Lair:3   | Reached skill level 13 in Hexes
 21491 | Lair:3   | Reached skill level 13 in Summonings
 21491 | Lair:3   | Reached skill level 13 in Necromancy
 21491 | Lair:3   | Reached skill level 13 in Translocations
 21491 | Lair:3   | Reached skill level 13 in Fire Magic
 21491 | Lair:3   | Reached skill level 13 in Ice Magic
 21491 | Lair:3   | Reached skill level 13 in Air Magic
 21491 | Lair:3   | Reached skill level 13 in Earth Magic
 21491 | Lair:3   | Reached skill level 13 in Alchemy
 21583 | Lair:3   | Found a dark tunnel.
 21699 | Volcano  | Entered a volcano
 21978 | Volcano  | Reached skill level 17 in Fighting
 22448 | Volcano  | Slain by a skeletal warrior

Vanquished Creatures
  An orc warlord (Bailey)
  Erolcha (D:10)
  A catoblepas (Lair:1)
  Erica (D:11)
  An alligator (Lair:2)
  2 two-headed ogres (D:9)
  2 boulder beetles
  Lodul (D:10)
  A skyshark (Lair:2)
  A skeletal warrior (Volcano)
  The ghost of SirDiesAlot the Firebug, a novice OpFE of Gozag (D:5)
  An anaconda skeleton (Volcano)
  2 deep elf pyromancers (D:10)
  An alligator skeleton (Volcano)
  A manticore (D:10)
  8 elephants
  2 black mambas (Lair:2)
  3 gargoyles
  2 kobold demonologists (D:10)
  9 cane toads
  2 rime drakes
  4 komodo dragons
  Grinder (D:6)
  2 hornets (D:11)
  3 trolls
  6 blink frogs
  A shadow (D:11)
  Sigmund (D:5)
  2 wraiths
  A wyvern (Lair:3)
  A vampire (D:12)
  2 basilisks
  25 yaks
  2 redbacks (Lair:3)
  2 vampire mosquitoes (D:10)
  Duvessa (D:6)
  10 water moccasins
  16 orc warriors
  A sky beast (D:8)
  2 ice beasts
  5 ogres
  A black bear (D:7)
  5 wolves (Lair:3)
  7 centaurs
  2 phantoms
  A weeping skull (Ossuary)
  4 kobold brigands
  12 bullfrogs
  5 water moccasin zombies (Ossuary)
  3 wights (D:6)
  4 scorpions
  Dowan (D:6)
  8 killer bees
  5 electric eels (D:11)
  3 jellies
  A bombardier beetle (D:3)
  A centaur zombie (Ossuary)
  5 orc priests
  A gnoll bouda (D:5)
  A hound (D:5)
  5 orc wizards
  A scorpion zombie (Ossuary)
  Natasha (thrice) (D:3)
  3 iguanas
  2 naga skeletons (Volcano)
  22 gnolls
  13 adders
  5 river rats (Sewer)
  A shadow imp (D:7)
  A white imp (D:7)
  6 ufetubi
  6 adder zombies (Ossuary)
  2 dart slugs
  A ribbon worm (D:3)
  25 orcs
  13 ball pythons
  11 endoplasms
  5 giant cockroaches
  16 hobgoblins
  4 jackals (D:1)
  3 quokkas
  5 bats
  8 frilled lizards
  4 gnoll zombies (Ossuary)
  24 goblins
  2 goblin zombies (Ossuary)
  6 hobgoblin zombies (Ossuary)
  40 kobolds
  3 orc zombies (Ossuary)
  19 rats
461 creatures vanquished.

Vanquished Creatures (collateral kills)
  2 two-headed ogres
  A boulder beetle (D:11)
  An elephant (Lair:1)
  A gargoyle (Volcano)
  2 cane toads
  A komodo dragon (Lair:3)
  A kobold demonologist (D:10)
  A polar bear (Lair:2)
  A vampire (D:9)
  A yak (Lair:2)
  2 redbacks (Lair:3)
  A vampire mosquito (D:10)
  A water moccasin (D:8)
  2 laughing skulls (Volcano)
  2 ogres (D:9)
  A weeping skull (Volcano)
  A troll skeleton (Volcano)
  3 nameless horrors
  Crazy Yiuf (D:6)
  A kobold (D:10)
27 creatures vanquished.

Grand Total: 488 creatures vanquished

Table legend: (Time is in decaauts)
 A = Elapsed time spent in this place.
 B = Non-inter-level travel time spent in this place.
 C = Inter-level travel time spent in this place.
 D = Time resting spent in this place.
 E = Time spent auto-exploring this place.
 F = Levels seen in this place.
 G = Mean time per level.
                   A        B        C        D        E       F      G
               +--------+--------+--------+--------+--------+-----+--------+
         Total |  22489 |  21774 |    715 |   5361 |  12644 |  19 | 1183.6 |
       Dungeon |  14776 |  14116 |    660 |   3023 |   8837 |  12 | 1231.3 |
          Lair |   4010 |   3956 |     54 |    658 |   2731 |   3 | 1336.7 |
         Sewer |   1034 |   1034 |      0 |    353 |    447 |   1 | 1034.0 |
       Ossuary |    793 |    793 |      0 |    476 |    101 |   1 |  793.0 |
        Bailey |   1124 |   1124 |      0 |    581 |    274 |   1 | 1124.0 |
       Volcano |    750 |    750 |      0 |    270 |    254 |   1 |  750.0 |
               +--------+--------+--------+--------+--------+-----+--------+

Top non-repeatable levels by time:
  Lair:1: 2047 daAuts
     D:5: 1887 daAuts
    D:10: 1830 daAuts
  Lair:2: 1707 daAuts
     D:1: 1429 daAuts
     D:3: 1362 daAuts
     D:8: 1189 daAuts
     D:9: 1170 daAuts
    D:12: 1146 daAuts
  Bailey: 1124 daAuts
    D:11: 1123 daAuts
   Sewer: 1034 daAuts
     D:7: 996 daAuts
     D:6: 942 daAuts
     D:2: 938 daAuts

Table legend:
 A = Non-vault XP
 B = Vault XP
 C = Vault XP percentage of total XP
 D = Non-vault monster count
 E = Vault monster count
 F = Vault count percentage of total count
                 A         B        C        D         E       F
            +---------+---------+-------+---------+---------+-------
      Total |   36398 |   19408 |  34.8 |     291 |     194 |  40.0
            +---------+---------+-------+---------+---------+-------
        D:1 |      41 |       0 |   0.0 |      25 |       0 |   0.0
        D:2 |      98 |       0 |   0.0 |      21 |       0 |   0.0
        D:3 |     213 |      45 |  17.4 |      24 |       6 |  20.0
        D:4 |     163 |      38 |  18.9 |      14 |       7 |  33.3
        D:5 |     774 |     948 |  55.1 |      20 |       4 |  16.7
        D:6 |     820 |     554 |  40.3 |      19 |       4 |  17.4
        D:7 |     664 |       0 |   0.0 |      13 |       0 |   0.0
        D:8 |     964 |       7 |   0.7 |      20 |       4 |  16.7
        D:9 |    2614 |     237 |   8.3 |      14 |       2 |  12.5
       D:10 |    3321 |    3802 |  53.4 |      20 |       9 |  31.0
       D:11 |    3164 |     847 |  21.1 |      12 |       1 |   7.7
       D:12 |    3919 |       0 |   0.0 |      15 |       0 |   0.0
     Lair:1 |   11044 |     147 |   1.3 |      41 |       1 |   2.4
     Lair:2 |    4700 |    4391 |  48.3 |      18 |      12 |  40.0
     Lair:3 |    3899 |     723 |  15.6 |      15 |       4 |  21.1
      Sewer |       0 |     255 | 100.0 |       0 |      46 | 100.0
    Ossuary |       0 |     628 | 100.0 |       0 |      29 | 100.0
     Bailey |       0 |    3166 | 100.0 |       0 |      53 | 100.0
    Volcano |       0 |    3620 | 100.0 |       0 |      12 | 100.0
            +---------+---------+-------+---------+---------+-------
